 Dungeon Crawl Stone Soup version 0.27.0-1-g7a089689b8 (webtiles) character file.

Game seed: 13285629262528496350

275 Anothat the Chopper (level 6, 0/55 HPs)
             Began as a Hill Orc Fighter on July 31, 2021.
             Was a Follower of Beogh.
             Killed from afar by an orc wizard (5 damage)
             ... with a puff of flame
             ... on level 4 of the Dungeon.
             The game lasted 00:04:30 (3212 turns).

Anothat the Chopper (Hill Orc Fighter)              Turns: 3212, Time: 00:04:31

Health: 0/55       AC:  8    Str: 18 (21) XL:     6   Next: 24%
Magic:  6/6        EV:  7    Int:  6 (8)  God:    Beogh [*.....]
Gold:   105        SH:  9    Dex:  8 (10) Spells: 5/5 levels left

rFire    . . .     SeeInvis .   a - +0 war axe
rCold    . . .     Faith    .   c - +0 kite shield
rNeg     . . .     Spirit   .   b - +0 scale mail
rPois    .         Reflect  .   (no helmet)
rElec    .         Harm     .   (no cloak)
rCorr    .         Rampage  .   (no gloves)
Will     .....                  p - +0 pair of boots
Stlth    ..........             (no amulet)
HPRegen  0.18/turn              e - +4 ring of slaying
MPRegen  0.10/turn              (no ring)

@: no status effects
A: no striking features
a: Renounce Religion


You were on level 4 of the Dungeon.
You worshipped Beogh.
Beogh was aware of your devotion.
You visited 1 branch of the dungeon, and saw 5 of its levels.

You collected 105 gold pieces.

Inventory:

Hand Weapons
 a - a +0 war axe (weapon)
Armour
 b - a +0 scale mail (worn)
 c - a +0 kite shield (worn)
 p - a +0 pair of boots (worn)
Jewellery
 e - a +4 ring of slaying (left hand)
Wands
 v - a wand of flame (17)
Scrolls
 f - 3 scrolls of noise {unknown}
 g - a scroll of silence {unknown}
 h - 3 scrolls of identify {unknown}
 l - 2 scrolls of enchant armour {unknown}
 o - 2 scrolls of teleportation {unknown}
 q - a scroll of enchant weapon {unknown}
 t - a scroll of fear {unknown}
 u - a scroll of amnesia {unknown}
Potions
 d - 2 potions of might
 i - 3 potions of degeneration
 j - a potion of cancellation {unknown}
 k - a potion of curing {unknown}
 m - a potion of mutation {unknown}
 n - a potion of ambrosia {unknown}
 r - a potion of heal wounds {unknown}
 s - a potion of invisibility {unknown}


   Skills:
 + Level 4.8 Fighting
 * Level 5.7 Axes
 + Level 4.3 Armour
 + Level 4.4 Shields


You had 5 spell levels left.
You didn't know any spells.
Your spell library contained the following spells:

 Spells                   Type           Power      Damage    Failure   Level
 Beastly Appendage        Tmut           0%         N/A       99%         1
 Foxfire                  Conj/Fire      0%         2x1d4     99%         1
 Shock                    Conj/Air       0%         1d3       99%         1
 Ensorcelled Hibernation  Hex/Ice        0%         N/A       100%        2
 Passwall                 Tmut/Erth      0%         N/A       100%        2
 Wereblood                Tmut           0%         N/A       100%        2
 Conjure Flame            Conj/Fire      0%         6-21      100%        3
 Gell's Gravitas          Tloc           0%         N/A       100%        3
 Inner Flame              Hex/Fire       0%         N/A       100%        3
 Lesser Beckoning         Tloc           0%         N/A       100%        3
 Spider Form              Tmut/Pois      0%         N/A       100%        3
 Swiftness                Air            0%         N/A       100%        3
 Teleport Other           Tloc           0%         N/A       100%        3
 Airstrike                Air            0%         N/A       100%        4
 Irradiate                Conj/Tmut      0%         3d13      100%        5
 Invisibility             Hex            0%         N/A       100%        6
 Shadow Creatures         Summ           N/A        N/A       100%        6
 Storm Form               Tmut/Air       0%         N/A       100%        7


Dungeon Overview and Level Annotations

Branches:
Dungeon (5/15)             Temple (0/1) D:4

Altars:
Okawaru

Shops:
D:3 (


Message History

You are too injured to fight recklessly!
You are too injured to fight recklessly!
You are too injured to fight recklessly!
You are too injured to fight recklessly!
You are too injured to fight recklessly!
You are too injured to fight recklessly!
You are too injured to fight recklessly!
You are too injured to fight recklessly!
You are too injured to fight recklessly!
You slash the orc priest!
The orc priest is severely wounded.
You slash the orc wizard!
The orc wizard hits you but does no damage.
The orc priest calls down the wrath of Beogh upon you.
Beogh smites you!
* * * LOW HITPOINT WARNING * * *
It was a potion of degeneration.
There was something very wrong with that liquid.
You feel weakened.
You feel dopey.
You feel clumsy. You block the orc wizard's attack.
Okay, then.
Okay, then.
The orc wizard hits you but does no damage.
The orc priest looks encouraged for a moment.
There is a stone staircase leading up here.
The orc barely misses you. You block the orc wizard's attack.
You climb upwards.
There is a stone staircase leading down here.
Your shield prevents you from hitting the orc wizard.
The orc wizard is severely wounded.
You closely miss the orc. The orc barely misses you.
The orc wizard hits you but does no damage.
The orc hits you with a +0 flail.
* * * LOW HITPOINT WARNING * * *
Your shield prevents you from hitting the orc wizard.
The orc wizard is severely wounded.
You closely miss the orc.
The orc wizard points at you and mumbles some strange words.
The puff of flame hits you.
You die...

#..##.# ##..## #.###
#.###.# ##..# #.### #.#
#.# ##.# #.##. ##.#
#.#######.####.##.
#..###.##........>.....
#.##......####.####.#.#
#.####.##### #..# #.#.#
##.# #oo...####.###.#..
#..# #@###...##.##.....
#.## #.# ###.........##
##.# ##.# #####....##
#..# #..#########....##
#.## #..............))##
#.# #............##))..
#.# ###............##.##.
#.# #....####.####..#.##.
#.####...<...............


You could see an orc wizard and an orc.

Vanquished Creatures
  A hound (D:4)
  A jelly (D:4)
  A centaur skeleton (D:4)
  An orc priest (D:4)
  A gnoll (D:1)
  5 adders
  5 dart slugs
  6 orcs
  3 bats
  6 endoplasms
  3 giant cockroaches
  5 hobgoblins
  9 jackals
  7 kobolds
  3 quokkas
  10 ball pythons
  3 frilled lizards
  8 goblins
  9 rats
87 creatures vanquished.

Vanquished Creatures (others)
  An endoplasm (D:4)
  3 withered plants (D:1)
4 creatures vanquished.

Grand Total: 91 creatures vanquished

Notes
Turn   | Place    | Note
-------+----------+-------------------------------------------
     0 | D:1      | Anothat the Hill Orc Fighter began the quest for the Orb.
     0 | D:1      | Reached XP level 1. HP: 19/19 MP: 1/1
    32 | D:1      | Reached skill level 3 in Axes
    87 | D:1      | Reached XP level 2. HP: 26/27 MP: 2/2
   357 | D:1      | Reached XP level 3. HP: 33/33 MP: 3/3
   393 | D:1      | Found a faded altar of an unknown god.
   893 | D:2      | Got Rioned's Guide on Transmigration and Summoning
  1021 | D:2      | Reached skill level 4 in Axes
  1083 | D:2      | Reached XP level 4. HP: 40/40 MP: 4/4
  1777 | D:3      | Found Haazuos's Antique Weapon Shoppe.
  2005 | D:3      | Reached XP level 5. HP: 46/47 MP: 5/5
  2213 | D:4      | Found a staircase to the Ecumenical Temple.
  2218 | D:4      | Became a worshipper of Beogh the Brigand
  2230 | D:4      | Reached skill level 5 in Axes
  2864 | D:4      | Reached XP level 6. HP: 49/55 MP: 6/6
  3019 | D:4      | Reached * piety under Beogh
  3199 | D:5      | Entered Level 5 of the Dungeon
  3200 | D:5      | Found an iron altar of Okawaru.
  3212 | D:4      | Killed from afar by an orc wizard

Illustrated notes

Levels and vault maps discovered:
D:1:      wander_arrival_lonely_grave, layout_loops_ring,
          shapermc_ecumenical_altar_flowoftime, minmay_misc_feat_more_columns
D:2:      layout_loops_ring, kennysheep_generic_room_10
D:3:      layout_rooms, serial_shops, shop
D:4:      layout_rooms, minmay_temple_entry_junction, hangedman_decor_slide_cut,
          st_stairs_6
D:5:      layout_loops_cross, okawaru_gym_becter, makhleb_grotto_becter,
          serial_shops, shop, minmay_door_square, sigmund_army

Skill      XL: |  1  2  3  4  5 |
---------------+----------------+-----
Axes           | 3 4 5 |  5.7
Fighting       | 4 |  4.8
Shields        | 4 |  4.4
Armour         | 4 |  4.3

Action                   |  1- 3 |  4- 6 || total
-------------------------+-------+-------++-------
Melee: War axe           |    69 |   125 ||   194
Invok: Convert to Beogh  |       |     1 ||     1
  Use: Potion            |       |     1 ||     1
Armor: Scale mail        |    27 |    49 ||    76
Dodge: Dodged            |    13 |    45 ||    58
Block: Kite shield       |    24 |    69 ||    93
